 Dungeon Crawl Stone Soup version 0.21-a0-529-g8c7b3f5 (webtiles) character file.

32 slep the Chopper (level 3, -1/18 HPs)
             Began as a Vine Stalker Gladiator on Dec 12, 2017.
             Slain by Sigmund
             ... wielding a +0 scythe
              (3 damage)
             ... on level 2 of the Dungeon.
             The game lasted 00:02:32 (462 turns).

slep the Chopper (Vine Stalker Gladiator)            Turns: 462, Time: 00:02:32

Health: -1/18      AC:  4    Str: 17    XL:     3   Next: 25%
Magic:  0/4        EV: 18    Int: 12    God:
Gold:   27         SH:  0    Dex: 20    Spells: 2/2 levels left

rFire    . . .     SeeInvis .   a - +0 war axe
rCold    + . .     Gourm    .   (no shield)
rNeg     . . .     Faith    .   b - +0 leather armour
rPois    .         Spirit   +   c - +0 helmet
rElec    .         Reflect  .   (no cloak)
rCorr    .         Harm     .   (no gloves)
MR       .....                  (no boots)
Stlth    +++.......             (no amulet)
HPRegen  0.06/turn              m - ring of protection from cold
MPRegen  0.09/turn              g - +4 ring of intelligence

@: agile, lethally poisoned (-1 -> -6)
A: fangs 2, magic shield, antimagic bite, no potion heal 3, rot immunity
a: no special abilities


You were on level 2 of the Dungeon.
You were not hungry.

You visited 1 branch of the dungeon, and saw 2 of its levels.

You collected 27 gold pieces.

Inventory:

Hand Weapons
 a - a +0 war axe (weapon)
Missiles
 d - 3 throwing nets (quivered)
Armour
 b - a +0 leather armour (worn)
 c - a +0 helmet (worn)
Jewellery
 e - an uncursed ring of wizardry
 g - a +4 ring of intelligence (right hand)
 m - a ring of protection from cold (left hand)
Scrolls
 h - a scroll of remove curse {unknown}
 i - a scroll of fog {unknown}
 k - a scroll of identify {unknown}
Potions
 j - a potion of degeneration {unknown}
Comestibles
 f - a bread ration


   Skills:
 + Level 2.0 Fighting
 + Level 3.2 Axes
 + Level 2.0 Throwing
 + Level 0.1 Armour
 + Level 2.8 Dodging


You had 2 spell levels left.
You didn't know any spells.

Dungeon Overview and Level Annotations

Branches:
Dungeon (2/15)

Altars:

Annotations:
D:2 Sigmund


Innate Abilities, Weirdness & Mutations

You have extremely sharp teeth.
When hurt, damage is shared between your health and your magic reserves.
Your bite disrupts and absorbs the magic of your enemies.
Potions cannot restore your health.
You are immune to rotting.


Message History

You feel agile all of a sudden.
Sigmund casts a spell.
Sigmund flickers and vanishes!
Deactivating autopickup; reactivate with Ctrl-A.
Something barely misses you. Something closely misses you.
You completely miss something. The adder closely misses you.
Something hits you!
You hit something. You bite something. You drain its magic.
You feel invigorated.
You miss the adder. The adder bites you. x2
You are poisoned.
The adder poisons you!
You hit something but do no damage. You bite something. You drain its magic.
You feel invigorated.
You hit the adder but do no damage.
You feel sick. Something hits you!
* * * LOW HITPOINT WARNING * * *
The adder barely misses you.
You barely miss something. Your bite misses something. You miss the adder.
The adder completely misses you. Something hits you.
You die...

..#..#.....##
#.#..........
...........#..
#.....#....#..
#.............
#.#........#.#
###.S..........#
#..{@...........
#######......#
#...#..###
#######.........
..........#..#.....#
#.................#
#.................#
#.....†.###.......#
####....# #.......##


You could see an adder.

Vanquished Creatures
  2 bats (D:1)
  A giant cockroach (D:1)
  2 goblins (D:1)
  6 hobgoblins (D:1)
  3 jackals (D:1)
  A quokka (D:2)
  6 frilled lizards (D:1)
  4 kobolds (D:1)
  6 rats
31 creatures vanquished.

Notes
Turn   | Place    | Note
-------+----------+-------------------------------------------
     0 | D:1      | slep the Vine Stalker Gladiator began the quest for the Orb.
     0 | D:1      | Reached XP level 1. HP: 11/11 MP: 2/2
    27 | D:1      | Reached XP level 2. HP: 14/15 MP: 1/3
    63 | D:1      | Reached skill level 3 in Axes
   236 | D:1      | Reached XP level 3. HP: 14/18 MP: 4/4
   454 | D:2      | Noticed Sigmund
   462 | D:2      | Slain by Sigmund

Vault maps used:
D:1:      lightli_arrival_chessboard
D:2:      nicolae_ashenzari_panopticon, st_stairs_3, uniq_sigmund, uniq_terence

Skill      XL: |  1  2  3 |
---------------+----------+-----
Axes           | 3 |  3.2
Throwing       | 2 |  2.0
Fighting       | 2 |  2.0
Armour         | |  0.1
Dodging        | |  2.8

Action                   || total
-------------------------++-------
Melee: War axe           ||    68
       Bite              ||    10
  Use: Potion            ||     1
Armor: Leather armour    ||    20
Dodge: Dodged            ||    61

Table legend:
 A = Spawn XP
 B = Non-spawn XP
 C = Spawn XP percentage of total XP
 D = Spawn monster count
 E = Non-spawn monster count
 F = Spawn count percentage of total count
 G = Total turns spent on level
                    A         B        C        D         E        F      G
               +---------+---------+-------+---------+---------+-------+---------
         Total |       0 |      46 |   0.0 |       0 |      31 |   0.0 |   462
               +---------+---------+-------+---------+---------+-------+---------
           D:1 |       0 |      43 |   0.0 |       0 |      29 |   0.0 |   426
           D:2 |       0 |       3 |   0.0 |       0 |       2 |   0.0 |    36
               +---------+---------+-------+---------+---------+-------+---------
